 Dungeon Crawl Stone Soup version 0.30-a0-738-g116ff8c4af (webtiles) character file.

Game seed: 13666676061984281332

333 drewk1942 the Caller (level 6, -7/44 HPs)
             Began as a Gnoll Wanderer on Feb 3, 2023.
             Shot with a bolt by an orc warrior (14 damage)
             ... on level 6 of the Dungeon.
             The game lasted 00:04:59 (2489 turns).

drewk1942 the Caller (Gnoll Wanderer)               Turns: 2489, Time: 00:05:00

Health: -7/44      AC:  4    Str: 14    XL:     6   Next: 53%
Magic:  1/11       EV: 12    Int: 18    God:
Gold:   88         SH:  0    Dex: 10    Spells: 9/12 levels left

rFire   . . .      SeeInvis .    a - +0 hand axe (elec)
rCold   . . .      Faith    .    (no shield)
rNeg    . . .      Spirit   .    d - +0 robe
rPois   .          Reflect  .    (no helmet)
rElec   .          Harm     .    o - +0 cloak
rCorr   .          Rampage  .    (no gloves)
Will    .....                    b - +0 pair of boots
Stlth   ++                       (no amulet)
HPRegen 0.27/turn                r - +6 ring of intelligence
MPRegen 0.12/turn                (no ring)

@: no status effects
A: fangs 1, strong nose, distributed training
a: no special abilities


You were on level 6 of the Dungeon.
You visited 1 branch of the dungeon, and saw 4 of its levels.

You collected 88 gold pieces.

Inventory:

Hand Weapons
 a - a +0 hand axe of electrocution (weapon)
 q - a +0 antimagic falchion
Missiles
 m - 6 silver boomerangs
 n - 3 boomerangs
 p - 3 poisoned darts
 s - 2 atropa-tipped darts
Armour
 b - a +0 pair of boots (worn)
 d - a +0 robe (worn)
 o - a +0 cloak (worn)
 t - a +0 leather armour
Jewellery
 r - a +6 ring of intelligence (left hand)
Scrolls
 c - 2 scrolls of silence
 f - a scroll of fear
 h - 4 scrolls of identify
 i - a scroll of teleportation
 j - a scroll of fog {unknown}
 l - a scroll of magic mapping {unknown}
Potions
 e - 2 potions of curing {unknown}
 g - a potion of magic {unknown}
 k - a potion of heal wounds {unknown}


   Skills:
 + Level 2.1 Fighting
 + Level 2.1 Short Blades
 + Level 2.1 Long Blades
 + Level 6.9 Axes
 + Level 2.1 Maces & Flails
 + Level 2.1 Polearms
 + Level 2.1 Staves
 + Level 2.1 Ranged Weapons
 + Level 2.1 Throwing
 + Level 2.1 Armour
 + Level 2.1 Dodging
 + Level 4.6 Stealth
 + Level 2.1 Shields
 + Level 2.1 Unarmed Combat
 + Level 3.5 Spellcasting
 + Level 1.6 Conjurations
 + Level 1.6 Hexes
 + Level 7.3 Summonings
 + Level 1.6 Necromancy
 + Level 1.6 Translocations
 + Level 1.6 Transmutations
 + Level 1.6 Fire Magic
 + Level 1.6 Ice Magic
 + Level 1.6 Air Magic
 + Level 1.6 Earth Magic
 + Level 1.6 Poison Magic
 + Level 2.3 Invocations
 + Level 2.1 Evocations


You had 9 spell levels left.
You knew the following spells:

 Your Spells              Type           Power      Damage    Failure   Level
a - Summon Small Mammal   Summ           100%       N/A       1%          1
b - Call Imp              Summ           29%        N/A       1%          2

Your spell library contained the following spells:

 Spells                   Type           Power      Damage    Failure   Level
 Ensorcelled Hibernation  Hex/Ice        18%        N/A       12%         2
 Spider Form              Tmut/Pois      9%         N/A       24%         3
 Summon Lightning Spire   Summ/Air       19%        N/A       24%         4
 Anguish                  Hex/Necr       4%         N/A       61%         4


Dungeon Overview and Level Annotations

Branches:
Dungeon (3/15)

Altars:


Innate Abilities, Weirdness & Mutations

You have very sharp teeth.
Your uncanny sense of smell can sniff out nearby items.
Your experience applies equally to all skills.


Message History

The puff of frost hits the howler monkey!
The howler monkey dies!
The orc warrior unwields a +0 trident.
The orc warrior wields a +0 arbalest.
The orc warrior shoots a bolt.
The bolt misses your white imp. The bolt hits you.
Found a scroll of identify.
The orc warrior shoots a bolt.
The bolt hits your white imp!
Your white imp dies!
Your white imp disappears in a puff of smoke!
You see here a scroll of identify.
h - 4 scrolls of identify (gained 1)
The orc warrior shoots a bolt.
The bolt hits you!
Casting: Call Imp (safe; 1% risk of failure)
Confirm with . or Enter, or press ? or * to list all spells.
The orc warrior shoots a bolt.
The bolt hits you!
* * * LOW HITPOINT WARNING * * *
You swap places.
An orc comes into view. It is wielding a +0 whip.
Casting: Summon Small Mammal (safe; 1% risk of failure)
Confirm with . or Enter, or press ? or * to list all spells.
A beastly little devil appears in a puff of flame.
What are your orders? t - Bark!
Orders for allies: a - Attack new target. r - Retreat! s - Stop attacking. g - Guard the area. f - Follow me.
Anything else - Cancel.
Gang up on whom?
Press: ? - help, Dir - move target, f - orc
Aim: an orc, wielding a +0 whip and wearing a +0 chain mail (ally target) Attack!
Your crimson imp closely misses the orc.
The orc closely misses your crimson imp.
Your crimson imp hits the orc but does no damage.
The orc hits your crimson imp with a +0 whip.
Your crimson imp closely misses the orc.
The orc hits your crimson imp with a +0 whip.
The orc warrior shoots a bolt.
The bolt barely misses your quokka. The bolt hits you!
You die... ..####### #>.oooh.h

######### ##########
#########.##...h...o.
#..r@5o...##.########
#o##########.# #.#
#.# #.# #o# #.# #.#
#.# #h# #.# #.#
##o##########.#
#......ยง.o....#


You could see an orc warrior, an orc (ally target), a friendly crimson imp
(summoned) and a friendly quokka (summoned).

Vanquished Creatures
  A jelly (D:3)
  An orc wizard (D:3)
  2 adders (D:2)
  A worm (D:2)
  2 orcs
  2 bats
  5 endoplasms
  2 giant cockroaches (D:2)
  6 goblins
  5 hobgoblins
  3 jackals (D:1)
  A quokka (D:2)
  4 ball pythons
  A frilled lizard (D:2)
  3 kobolds (D:1)
  3 rats
42 creatures vanquished.

Vanquished Creatures (collateral kills)
  A centaur (D:6)
  A bullfrog (D:6)
  A howler monkey (D:6)
  2 adders
  5 orcs
  A bat (D:2)
  A giant cockroach (D:1)
  2 goblins (D:3)
  A jackal (D:3)
  3 ball pythons
  A frilled lizard (D:1)
  A kobold (D:1)
20 creatures vanquished.

Grand Total: 62 creatures vanquished

Notes
Turn   | Place    | Note
-------+----------+-------------------------------------------
     0 | D:1      | drewk1942 the Gnoll Wanderer began the quest for the Orb.
     0 | D:1      | drewk1942 set off with the following items: a +0 hand axe,
                  | a +0 pair of boots, a scroll of silence, a +0 robe; and the
                  | following spell memorised: Summon Small Mammal; and the
                  | following spells available to memorise: Call Imp, Summon
                  | Lightning Spire.
     0 | D:1      | Reached XP level 1. HP: 13/13 MP: 4/4
   226 | D:1      | Reached XP level 2. HP: 19/19 MP: 5/5
   713 | D:1      | Reached XP level 3. HP: 25/25 MP: 2/7
  1032 | D:2      | Reached skill level 1 in Invocations
  1158 | D:2      | Reached skill level 1 in Fighting
  1158 | D:2      | Reached skill level 1 in Short Blades
  1158 | D:2      | Reached skill level 1 in Long Blades
  1158 | D:2      | Reached skill level 1 in Maces & Flails
  1158 | D:2      | Reached skill level 1 in Polearms
  1158 | D:2      | Reached skill level 1 in Staves
  1158 | D:2      | Reached skill level 1 in Ranged Weapons
  1158 | D:2      | Reached skill level 1 in Throwing
  1158 | D:2      | Reached skill level 1 in Armour
  1158 | D:2      | Reached skill level 1 in Dodging
  1158 | D:2      | Reached skill level 1 in Shields
  1158 | D:2      | Reached skill level 1 in Unarmed Combat
  1158 | D:2      | Reached skill level 1 in Evocations
  1235 | D:2      | Reached XP level 4. HP: 7/32 MP: 5/8
  1891 | D:2      | Learned a level 2 spell: Call Imp
  1901 | D:3      | Reached skill level 1 in Conjurations
  1901 | D:3      | Reached skill level 1 in Hexes
  1901 | D:3      | Reached skill level 1 in Necromancy
  1901 | D:3      | Reached skill level 1 in Translocations
  1901 | D:3      | Reached skill level 1 in Transmutations
  1901 | D:3      | Reached skill level 1 in Fire Magic
  1901 | D:3      | Reached skill level 1 in Ice Magic
  1901 | D:3      | Reached skill level 1 in Air Magic
  1901 | D:3      | Reached skill level 1 in Earth Magic
  1901 | D:3      | Reached skill level 1 in Poison Magic
  2024 | D:3      | Reached XP level 5. HP: 37/37 MP: 6/9
  2114 | D:3      | You fall into a shaft and drop 3 floors!
  2393 | D:6      | Noticed a centaur
  2408 | D:6      | Killed a centaur
  2409 | D:6      | Reached XP level 6. HP: 16/44 MP: 3/11
  2440 | D:6      | Noticed an orc warrior
  2489 | D:6      | Shot with a bolt by an orc warrior

Illustrated notes

Levels and vault maps discovered:
D:1:      roderic_chinese_lattice_arrival, layout_basic,
          chequers_serial_rivers_room_b, st_stairs_5
D:2:      layout_basic, kennysheep_generic_room_6
D:3:      layout_rooms, mainiacjoe_overflow_six_doors_small, minivault_26,
          grunt_ministairs_2, minmay_surrounded
D:6:      layout_basic, minmay_temple_entry_purple_smoke, minmay_manual_mail,
          uniq_crazy_yiuf_cottage

Skill      XL: |  1  2  3  4  5 |
---------------+----------------+-----
Invocations    | 1 2 |  2.3
Fighting       | 1 2 |  2.1
Short Blades   | 1 2 |  2.1
Long Blades    | 1 2 |  2.1
Maces & Flails | 1 2 |  2.1
Polearms       | 1 2 |  2.1
Staves         | 1 2 |  2.1
Ranged Weapons | 1 2 |  2.1
Throwing       | 1 2 |  2.1
Armour         | 1 2 |  2.1
Dodging        | 1 2 |  2.1
Shields        | 1 2 |  2.1
Unarmed Combat | 1 2 |  2.1
Evocations     | 1 2 |  2.1
Spellcasting   | 3 |  3.5
Conjurations   | 1 |  1.6
Hexes          | 1 |  1.6
Necromancy     | 1 |  1.6
Translocations | 1 |  1.6
Transmutations | 1 |  1.6
Fire Magic     | 1 |  1.6
Ice Magic      | 1 |  1.6
Air Magic      | 1 |  1.6
Earth Magic    | 1 |  1.6
Poison Magic   | 1 |  1.6
Axes           | |  6.9
Stealth        | |  4.6
Summonings     | |  7.3

Action                     |  1- 3 |  4- 6 || total
---------------------------+-------+-------++-------
  Melee: Hand axe          |    72 |    21 ||    93
         Punch             |     4 |       ||     4
         Bite              |     3 |     1 ||     4
   Cast: Summon Small Mamm |    28 |    22 ||    50
         Call Imp          |       |    12 ||    12
    Use: Scroll            |     4 |     2 ||     6
   Stab: Sleeping          |     3 |     1 ||     4
         Distracted        |     1 |       ||     1
 Armour: Robe              |    18 |     7 ||    25
  Dodge: Dodged            |    54 |    17 ||    71

Table legend: (Time is in decaauts)
 A = Elapsed time spent in this place.
 B = Non-inter-level travel time spent in this place.
 C = Inter-level travel time spent in this place.
 D = Time resting spent in this place.
 E = Time spent auto-exploring this place.
 F = Levels seen in this place.
 G = Mean time per level.
                   A        B        C        D        E       F      G
               +--------+--------+--------+--------+--------+-----+--------+
         Total |   2490 |   2346 |    144 |    274 |   1598 |   4 |  622.5 |
       Dungeon |   2490 |   2346 |    144 |    274 |   1598 |   4 |  622.5 |
               +--------+--------+--------+--------+--------+-----+--------+

Top non-repeatable levels by time:
     D:2: 1004 daAuts
     D:1: 887 daAuts
     D:6: 374 daAuts
     D:3: 224 daAuts
